 Dungeon Crawl Stone Soup version 0.28.0-45-g0d030f2227 (webtiles) character file.

Game seed: 7844349885757325205

46 nickcage the Firebug (level 3, 0/19 HPs)
             Began as a Deep Elf Fire Elementalist on Apr 13, 2022.
             Succumbed to an adder's poison
             ... on level 2 of the Dungeon.
             The game lasted 00:04:59 (1755 turns).

nickcage the Firebug (Deep Elf Fire Elementalist)   Turns: 1755, Time: 00:05:00

Health: 0/19       AC:  2    Str:  5    XL:     3   Next: 46%
Magic:  0/9        EV: 12    Int: 21    God:
Gold:   24         SH:  0    Dex: 15    Spells: 5/8 levels left

rFire   . . .      SeeInvis .   h - +2 dagger (protect)
rCold   . . .      Faith    .   (no shield)
rNeg    . . .      Spirit   .   a - +0 robe
rPois   .          Reflect  .   (no helmet)
rElec   .          Harm     .   (no cloak)
rCorr   .          Rampage  .   (no gloves)
Will    +....                   (no boots)
Stlth   ++........              (no amulet)
HPRegen 0.06/turn               c - ring of willpower
MPRegen 0.11/turn               (no ring)

@: lethally poisoned (0 -> -5)
A: no striking features
a: no special abilities


You were on level 2 of the Dungeon.
You visited 1 branch of the dungeon, and saw 2 of its levels.

You collected 24 gold pieces.

Inventory:

Hand Weapons
 f - a +0 short sword
 h - a +2 dagger of protection (weapon)
Armour
 a - a +0 robe (worn)
Jewellery
 c - a ring of willpower (left hand)
Scrolls
 b - a scroll of enchant armour {unknown}
 g - a scroll of teleportation {unknown}
Potions
 d - a potion of lignification {unknown}
 e - a potion of heal wounds {unknown}


   Skills:
 - Level 2.4 Dodging
 - Level 2.4 Stealth
 - Level 3.0 Spellcasting
 + Level 1.2 Conjurations
 + Level 5.0 Fire Magic


You had 5 spell levels left.
You knew the following spells:

 Your Spells              Type           Power      Damage    Failure   Level
a - Foxfire               Conj/Fire      64%        2x1d7     3%          1
b - Scorch                Fire           48%        2d7       2%          2

Your spell library contained the following spells:

 Spells                   Type           Power      Damage    Failure   Level
 Conjure Flame            Conj/Fire      16%        6-21      11%         3
 Inner Flame              Hex/Fire       13%        N/A       14%         3
 Flame Wave               Conj/Fire      16%        2d6       36%         4


Dungeon Overview and Level Annotations

Branches:
Dungeon (2/15)

Altars:


Message History

The worm's fire resistance burns away.
Flames lash the worm.
The worm is burned terribly!
The worm is almost dead.
Flames lash the worm.
The worm is burned terribly!
You kill the worm!
Your Fire Magic skill increases to level 5!
A giant cockroach comes into view.
You can't see any susceptible monsters within range! (Use Z to cast anyway.) No target in view!
A giant cockroach is nearby!
Flames lash the bat.
You kill the bat!
The adder hisses angrily.
Flames lash the adder.
The adder is moderately wounded.
The adder's fire resistance burns away.
The adder is no longer more vulnerable to fire.
The adder closely misses you. The adder bites you but does no damage.
You see here a rat corpse.
The adder bites you. The adder bites you.
You miscast Scorch.
You are very lightly contaminated with residual magic.
Nothing appears to happen.
The adder barely misses you. The adder closely misses you.
The adder barely misses you. The adder bites you.
Your magical contamination has completely faded away.
The adder closely misses you. The adder bites you.
* * * LOW HITPOINT WARNING * * *
You see here 18 stones.
The adder bites you.
* * * LOW HITPOINT WARNING * * *
You are lethally poisoned!
The adder poisons you!
Casting: Scorch (safe; 2% risk of failure)
Confirm with . or Enter, or press ? or * to list all spells.
You conjure some foxfire!
You die...

##.#
#............
#..#
#..###...###.
#.#######...#
...#
#..8....#...#
...#
#....8⌠.#....
.....
######8.#....
...... #.#
#.B#. ....
#.###.S#
#...#.@#
#<#.#vv#
###.#.8#
#.#..# #....#
######


You could see an adder (ally target) and a giant cockroach.

Vanquished Creatures
  A worm (D:2)
  4 ball pythons
  3 endoplasms
  A giant cockroach (D:1)
  A goblin (D:1)
  9 hobgoblins (D:1)
  3 jackals (D:1)
  2 quokkas (D:1)
  5 bats
  A frilled lizard (D:1)
  4 kobolds (D:1)
  5 rats
39 creatures vanquished.

Vanquished Creatures (others)
  23 foxfires (D:1)
23 creatures vanquished.

Grand Total: 62 creatures vanquished

Notes
Turn   | Place    | Note
-------+----------+-------------------------------------------
     0 | D:1      | nickcage the Deep Elf Fire Elementalist began the quest for
                  | the Orb.
     0 | D:1      | Reached XP level 1. HP: 10/10 MP: 6/6
   313 | D:1      | Reached skill level 4 in Fire Magic
   313 | D:1      | Reached XP level 2. HP: 15/15 MP: 6/8
   322 | D:1      | Learned a level 2 spell: Scorch
   911 | D:1      | Reached XP level 3. HP: 19/19 MP: 6/9
  1718 | D:2      | Reached skill level 5 in Fire Magic
  1755 | D:2      | Succumbed to an adder's poison

Illustrated notes

Levels and vault maps discovered:
D:1:      heliophobic_arrival_ceremonial_halls, layout_loops_corners,
          st_stairs_5, nicolae_figureground_sparkle
D:2:      layout_basic, basic_altar, shapermc_ecumenical_altar_starsandcircs,
          corner_web_ring, solitary_fountain, chequers_decorated_corner,
          kennysheep_boxes

Skill      XL: |  1  2  3 |
---------------+----------+-----
Fire Magic     | 4 5 |  5.0
Dodging        | |  2.4
Stealth        | |  2.4
Spellcasting   | |  3.0
Conjurations   | |  1.2

Action                   || total
-------------------------++-------
Melee: Unarmed           ||     3
       Short sword       ||     4
       Dagger            ||     2
 Cast: Foxfire           ||    16
       Scorch            ||    31
 Stab: Sleeping          ||     2
Armor: Robe              ||     4
Dodge: Dodged            ||    16
